[Event "Live Chess"]
[Site "Chess.com"]
[Date "2024.06.01"]
[Round "-"]
[White "bobby_jamesFischer86"]
[Black "cymbalshift"]
[Result "1-0"]
[WhiteElo "1638"]
[BlackElo "1471"]
[TimeControl "300"]
[EndTime "14:20:41 PDT"]
[Termination "bobby_jamesFischer86 won on time"]

1. d4 Nf6 2. c4 e6 3. Nc3 c5 4. dxc5 Bxc5 5. e3 a6 6. Nf3 b6 7. Be2 Bb7 8. O-O Qc7 9. a3 Be7 10. b4 d6 11. Bb2 Nbd7 12. Rc1 Rc8 13. c5 bxc5 14. bxc5 Nxc5 15. Na4 O-O 16. Nxc5 dxc5 17. Qa4 Rfd8 18. Rc2 Be4 19. Rcc1 Qb6 20. Be5 Ng4 21. Bg3 h5 22. h3 Nf6 23. Qxa6 Qxa6 24. Bxa6 Ra8 25.
Bc4 Rxa3 26. Ne5 Rd2 27. Bxe6 fxe6 28. Nc4 Bd3 29. Nxd2 Bxf1 30. Nxf1 Ne4 31. Be5 Bf6 32. Bxf6 gxf6 33. f3 Nc3 34. Re1 Ra2 35. Ng3 h4 36. Ne4 Nxe4 37. fxe4 Kf7 38. Rc1 Ra5 39. Rc4 Ke7 40.
Kf2 Kd6 41. Kf3 Ke5 42. g4 Kd6 43. Kf4 Ra2 44. g5 Rf2+ 45. Kg4 fxg5 46. Kxg5 Rf3 47.
Kxh4 Rxe3 48. Kg4 Rd3 49. h4 Rd4 50. Rc2 c4 51. Kg5 Rxe4 52. h5 Kc5 53. h6 Re1 54. h7 Rh1 55. Kg6 1-0

[Event "Live Chess"]
[Site "Chess.com"]
[Date "2024.06.01"]
[Round "-"]
[White "McFim"]
[Black "JanMur7"]
[Result "1-0"]
[WhiteElo "1612"]
[BlackElo "2292"]
[TimeControl "300"]
[EndTime "14:20:48 PDT"]
[Termination "McFim won by checkmate"]

1. e4 g6 2. d4 Bg7 3. c3 c5 4. Nf3 cxd4 5. cxd4 d5 6. e5 Nc6 7. Nc3 f6 8. Bb5 a6 9. Bxc6+ bxc6 10. O-O Bg4 11. Qd3 Bxf3 12. Qxf3 fxe5 13. dxe5 Bxe5 14.
Re1 Qd6 15. g3 Nf6 16. Bh6 Bxc3 17. bxc3 Kf7 18. Rab1 Rab8 19. Bf4 Rxb1 20. Rxb1 Qd7 21. Be5 Rc8 22. Rb6 Qa7 23. Rb2 Kg7 24. g4 h6 25.
h4 g5 26. h5 Qd7 27. Rb6 Qa7 28. Rb2 c5 29. Qf5 Rd8 30. Qg6+ Kf8 31. Bxf6 Rd6 32. Qxh6+ Ke8 33. Qh8+ Kd7 34. Bxe7 Re6 35. Qd8+ Kc6 36.
Qc8+ Qc7 37. Qxe6+ Qd6 38. Qxd6# 1-0

[Event "Live Chess"]
[Site "Chess.com"]
[Date "2024.06.01"]
[Round "-"]
[White "jellhhggffhjjjjjj"]
[Black "educatedlad"]
[Result "0-1"]
[WhiteElo "410"]
[BlackElo "1706"]
[TimeControl "300"]
[EndTime "14:20:57 PDT"]
[Termination "educatedlad won by checkmate"]

1. b3 Nf6 2. Bb2 d5 3. Nc3 g6 4. e3 Bg7 5. Nf3 O-O 6. Bd3 Nc6 7. Qe2 Bf5 8. Bxf5 gxf5 9. h4 Ne4 10. Nxe4 dxe4 11.
Nd4 Nxd4 12. Bxd4 Bxd4 13. exd4 Qxd4 14. c3 Qd3 15. Qxd3 exd3 16. O-O-O e5 17. Rh3 e4 18. Rg3+ Kh8 19. f3 Rg8 20. Rxg8+ Rxg8 21. Re1 Rxg2 22. fxe4 fxe4 23. Rxe4 Rg1+ 24. Kb2 Rg2 25. h5 Rxd2+ 26. Ka3 Re2 27. Rd4 d2 28. h6 Re8 29. Rxd2 f5 30. Rf2 Rf8 31. Rf4 Rf6 32. c4 Rxh6 33. Rxf5 Kg7 34. Re5 Rf6 35. Re7+ Rf7 36. Re5 Kg6 37.
Rb5 b6 38. Kb4 a6 39. Rd5 c6 40. Rd6+ Rf6 41. c5 bxc5+ 42. Kxc5 Rxd6 43. Kxd6 h5 44. Kxc6 h4 45. b4 h3 46. Kb6 h2 47. Kxa6 h1=Q 48.
a4 Kf6 49. b5 Ke6 50. a5 Kd6 51. b6 Kc6 52. Ka7 Qh5 53. a6 Qb5 54. b7 Qb6+ 55. Ka8 Kc7 56. a7 Qxb7# 0-1

[Event "Live Chess"]
[Site "Chess.com"]
[Date "2024.06.01"]
[Round "-"]
[White "Queensandpawns"]
[Black "CheckThis4"]
[Result "0-1"]
[WhiteElo "2375"]
[BlackElo "2675"]
[TimeControl "300"]
[EndTime "14:21:00 PDT"]
[Termination "CheckThis4 won by resignation"]

1. e4 c5 2. d4 cxd4 3. c3 dxc3 4.
Bc4 e6 5. Nf3 Nc6 6. O-O Bb4 7.
Nxc3 Nge7 8. a3 Bxc3 9. bxc3 d5 10. exd5 exd5 11. Bd3 O-O 12. Ng5 h6 13. Qh5 Ne5 14. Bc2 Bg4 15. Qh4 N7g6 16. Bxg6 fxg6 17. Qg3 Qf6 18. h3 Bh5 19. Re1 Rae8 20. f4 Nc4 21. Rxe8 Rxe8 22. Nf3 Qxc3 23. Rb1 Bxf3 24. Qxg6 Qe1+ 25.
Kh2 Qe4 26. Bb2 Qxg6 0-1

[Event "Live Chess"]
[Site "Chess.com"]
[Date "2024.06.01"]
[Round "-"]
[White "ogpin"]
[Black "vincents82"]
[Result "0-1"]
[WhiteElo "2194"]
[BlackElo "2090"]
[TimeControl "300"]
[EndTime "14:21:01 PDT"]
[Termination "vincents82 won by resignation"]

1. a4 d5 2. Ra3 e6 3. g3 Bxa3 4. Nxa3 Nf6 5. b3 O-O 6. Bb2 b6 7. f4 Nbd7 8. Nf3 Bb7 9. Bg2 Rc8 10. O-O c5 11. Nb5 a6 12. Nd6 Rc7 13. Nxb7 Rxb7 14. Qa1 Rc7 15. f5 b5 16. Ng5 Qe7 17. Bh3 e5 18. d3 c4 19. bxc4 bxc4 20. Ba3 Nc5 21. Kh1 Nfd7 22. Nf3 Qf6 23. e4 d4 24. Bc1 h6 25.
Qa3 Rb8 26. g4 cxd3 27. g5 Qc6 28. gxh6 Qxe4 29. Bg2 Qe2 30. Rg1 Nf6 31. hxg7 Nce4 32. Rf1 Nf2+ 33. Rxf2 Qxf2 34. Qd6 d2 35. Nxd2 Rcb7 36.
Nf1 Rb1 37. h3 Nh5 38. f6 Ng3+ 39. Nxg3 Qxg3 40. Qa3 Qxa3 0-1

[Event "Live Chess"]
[Site "Chess.com"]
[Date "2024.06.01"]
[Round "-"]
[White "lateforthesky"]
[Black "Rusty_Bridges"]
[Result "1-0"]
[WhiteElo "2155"]
[BlackElo "1472"]
[TimeControl "300"]
[EndTime "14:21:04 PDT"]
[Termination "lateforthesky won by checkmate"]

1. e4 d6 2. d4 Nf6 3. Nc3 Nbd7 4. f4 h6 5. Nf3 b6 6. Bc4 Bb7 7. Qe2 a6 8. e5 dxe5 9. fxe5 Bxf3 10. Qxf3 Ng8 11. Qxf7# 1-0

[Event "Live Chess"]
[Site "Chess.com"]
[Date "2024.06.01"]
[Round "-"]
[White "LL220284LL"]
[Black "RichardABates"]
[Result "1-0"]
[WhiteElo "2541"]
[BlackElo "2204"]
[TimeControl "300"]
[EndTime "14:21:07 PDT"]
[Termination "LL220284LL won on time"]

1. b3 Nf6 2. Bb2 g6 3. g3 Bg7 4. Bg2 O-O 5. Nf3 c5 6. O-O Nc6 7. d3 d6 8. Nbd2 e5 9. e3 Re8 10. Re1 d5 11. a3 e4 12. dxe4 dxe4 13. Ng5 Bg4 14. Qc1 Bf5 15. Nc4 h6 16. Rd1 Qc7 17. Nh3 g5 18. Nd6 Bxh3 19. Nxe8 Nxe8 20. Bxh3 Bxb2 21. Qxb2 Ne5 22. Bg2 Nf6 23. Rd2 Re8 24. Rad1 Qc8 25. Rd6 Qf5 26. Qc3 Nfg4 27. Qd2 h5 28. h3 Nf6 29. Rd8 Rxd8 30. Qxd8+ Kg7 31. Qd2 h4 32. g4 Nf3+ 33. Kh1 Nxg4 34. hxg4 Qxg4 35.
Qc3+ f6 36. Rd6 Qf5 37. Qc4 h3 38. Qe6 hxg2+ 39. Kxg2 Nh4+ 40. Kf1 Qf3 41. Qe7+ Kg6 42. Qe8+ Kf5 43. Qe6+ Kg6 44. Qg8+ Kf5 45. Rd5+ Kg4 46.
Qe6+ Kh5 47. Qf7+ Kg4 48. Qd7+ Kh5 49. Ke1 Ng2+ 50. Kd2 Qxf2+ 51. Kc1 Nxe3 52. Qh7+ Kg4 53. Qd7+ f5 54. Rd2 Qe1+ 55. Kb2 Kf3 56. Rd6 f4 57.
Qh3+ Qg3 58. Qh1+ Qg2 59. Qxg2+ Kxg2 60. Rg6 f3 61. Rxg5+ Kh3 62. Rxc5 f2 63. Re5 f1=Q 64. Rxe4 1-0

[Event "Live Chess"]
[Site "Chess.com"]
[Date "2024.06.01"]
[Round "-"]
[White "kylet1990"]
[Black "oscalik"]
[Result "0-1"]
[WhiteElo "734"]
[BlackElo "2328"]
[TimeControl "300"]
[EndTime "14:21:25 PDT"]
[Termination "oscalik won by checkmate"]

1. e4 c5 2. Nf3 Nf6 3. e5 Nd5 4. Bc4 Nb6 5. Bb3 c4 6. Qe2 cxb3 7.
axb3 d5 8. d4 Bg4 9. h3 Bxf3 10.
Qxf3 e6 11. Nc3 Nc6 12. Bf4 Nxd4 13. Qd3 Nc6 14. O-O Be7 15. Ne2 O-O 16. Ng3 Bg5 17.
Bxg5 Qxg5 18. f4 Qg6 19. f5 exf5 20. Nxf5 Rfe8 21. Qf3 Nxe5 22. Qf4 f6 23. Nh4 Qe4 24.
Qg3 Ng6 25. Nxg6 Qxg6 26. Qc7 Rac8 27. Qxb7 Rxc2 28. Qxa7 Qxg2# 0-1

[Event "Live Chess"]
[Site "Chess.com"]
[Date "2024.06.01"]
[Round "-"]
[White "WelshTiger"]
[Black "AndyJWise"]
[Result "1-0"]
[WhiteElo "2516"]
[BlackElo "1045"]
[TimeControl "300"]
[EndTime "14:21:46 PDT"]
[Termination "WelshTiger won by checkmate"]

1. e4 c6 2. d4 d5 3. e5 Bf5 4. h4 h5 5. c4 e6 6. Nc3 Ne7 7. Bg5 Qb6 8. Rc1 Nd7 9. Qd2 Nc8 10. c5 Qc7 11. Nge2 Be7 12. Ng3 Bxg5 13. hxg5 h4 14. Nxf5 exf5 15. Qf4 g6 16. Rxh4 Rxh4 17. Qxh4 Nxe5 18.
dxe5 Qxe5+ 19. Be2 Ke7 20. Kf1 Qg7 21. Re1 Kd7 22.
Qf4 b6 23. Nxd5 bxc5 24. Nf6+ Kd8 25. Rd1+ Ke7 26. Rd7+ Ke6 27. Bc4# 1-0

[Event "Live Chess"]
[Site "Chess.com"]
[Date "2024.06.01"]
[Round "-"]
[White "chessfiction"]
[Black "GwaryTek"]
[Result "1-0"]
[WhiteElo "2377"]
[BlackElo "1918"]
[TimeControl "300"]
[EndTime "14:21:48 PDT"]
[Termination "chessfiction won by resignation"]

1. Nf3 d5 2. g3 c5 3. Bg2 Nc6 4. O-O e5 5. d3 Nge7 6. e4 d4 7. c3 Ng6 8. Na3 Be7 9. cxd4 cxd4 10. Bd2 O-O 11. Rc1 Be6 12. Nc4 f6 13. a4 Qd7 14. a5 Kh8 15. h4 Bh3 16. h5 Bxg2 17. Kxg2 Nf4+ 18. gxf4 Qg4+ 19. Kh1 f5 20. Nh2 Qh3 21.
Qf3 1-0

[Event "Live Chess"]
[Site "Chess.com"]
[Date "2024.06.01"]
[Round "-"]
[White "ShanthamGrarks"]
[Black "wadsy27"]
[Result "0-1"]
[WhiteElo "1792"]
[BlackElo "2537"]
[TimeControl "300"]
[EndTime "14:21:55 PDT"]
[Termination "wadsy27 won on time"]

1. d4 Nf6 2. Nc3 g6 3. Nf3 d5 4. Bf4 c6 5. e3 Bg7 6. h3 O-O 7.
Bd3 Nbd7 8. O-O Re8 9. Ne5 Nxe5 10. Bxe5 Nd7 11. Bxg7 Kxg7 12. f4 Nf6 13. g4 h5 14.
g5 Ne4 15. Bxe4 dxe4 16. Nxe4 Bxh3 17. Rf2 Qd5 18. Qf3 Bf5 19. Ng3 Qxf3 20. Nxf5+ gxf5 21. Rxf3 e6 22. Kg2 Kg6 23. Rh1 a5 24. a3 a4 25. Re1 Ra5 26. c4 c5 27. Rd1 Rc8 28. d5 exd5 29. Rxd5 Ra6 30. Rf2 Re8 31. Kf3 Rae6 32.
Re2 b6 33. Rd7 h4 34. Rd1 Re4 35. Rd6+ R8e6 36. Rxe6+ fxe6 37. Rc2 e5 38. Rd2 exf4 39. Rd6+ Kxg5 40. exf4+ Kh5 41. Rf6 Rxc4 42. Rxf5+ Kg6 43.
Rf8 Rc2 44. Rg8+ Kf7 45. Rh8 Rxb2 46. Rxh4 Rb3+ 47. Ke4 Rxa3 48. Rh6 Rb3 49. Rc6 a3 50. Kf5 a2 51. Rc7+ Ke8 52. Ke6 Rd3 53. Ra7 Re3+ 54.
Kf6 Re2 55. Ra6 c4 56. f5 c3 57. Kg7 Rg2+ 58. Kf6 c2 59. Ke6 Re2+ 0-1

[Event "Live Chess"]
[Site "Chess.com"]
[Date "2024.06.01"]
[Round "-"]
[White "IanCalvert2"]
[Black "BostonStrangler"]
[Result "1/2-1/2"]
[WhiteElo "1625"]
[BlackElo "2133"]
[TimeControl "300"]
[EndTime "14:21:56 PDT"]
[Termination "Game drawn by repetition"]

1. b3 e5 2. Bb2 Nc6 3. e3 d6 4.
Nf3 Bd7 5. d4 e4 6. d5 Nce7 7.
Nfd2 Nxd5 8. Nxe4 Ngf6 9. Nxf6+ Nxf6 10. Nc3 Be7 11. Nd5 Nxd5 12. Qxd5 Bf6 13. Bxf6 Qxf6 14. Qd4 Qxd4 15. exd4 O-O 16. Bd3 Rfe8+ 17. Kd2 Bc6 18. f3 Re7 19. Rae1 Rae8 20. Rxe7 Rxe7 21. Re1 Rxe1 22.
Kxe1 h6 23. Kf2 Kf8 24. Ke3 Ke7 25. c4 Bd7 26. d5 Kf6 27. f4 g5 28. g3 Bf5 29.
Bxf5 Kxf5 30. fxg5 Kxg5 31. Kf3 h5 32. h3 f5 33. a3 a6 34. b4 b6 35. b5 a5 36. a4 Kg6 37. Ke3 Kg5 38. Kf3 Kg6 39. Ke3 Kg5 40. Kf3 1/2-1/2

[Event "Live Chess"]
[Site "Chess.com"]
[Date "2024.06.01"]
[Round "-"]
[White "bonantagulo"]
[Black "StoreySniper"]
[Result "0-1"]
[WhiteElo "2080"]
[BlackElo "2537"]
[TimeControl "300"]
[EndTime "14:21:57 PDT"]
[Termination "StoreySniper won on time"]

1. d4 g6 2. e4 Bg7 3. Nc3 c5 4. Be3 Qa5 5. dxc5 Bxc3+ 6. bxc3 Qxc3+ 7. Bd2 Qxc5 8. Nf3 Nf6 9. Bd3 b6 10. O-O Bb7 11. Qe2 d6 12. e5 dxe5 13. Nxe5 Nbd7 14. Bb5 Rd8 15. Bh6 a6 16. Nxd7 Nxd7 17. Bxa6 Bxa6 18. Qxa6 Qh5 19. Bg7 Rg8 20. Bd4 Qa5 21.
Qe2 g5 22. Rfe1 e6 23. Rad1 g4 24. Qd3 Rg6 25. Bc3 Qc5 26. g3 h5 27. Bb2 b5 28.
c3 Qc4 29. Qd2 Qc7 30. Ba3 Nb6 31. Qe3 Nd5 32. Qd4 Kd7 33. Re5 Kc8 34. Rxh5 Nb6 35. Qxd8+ Qxd8 36. Rxd8+ Kxd8 37. Rxb5 Nd5 38. c4 Nc3 39.
Rb8+ Kc7 40. Rf8 Rf6 41. Bb2 Rf3 42. Bxc3 Rxc3 43. Rxf7+ Kd6 44. Rg7 Rxc4 45. Kg2 Ra4 46. a3 Kd5 47. h4 gxh3+ 48. Kxh3 Rxa3 49. f4 Ke4 50. Re7 Kf5 51. Rf7+ Kg6 52. Rf8 Kg7 53. Re8 Kf7 54. Rb8 Ra1 55. Rb7+ Kf6 56. Kg4 Ra5 57.
Rb8 Rc5 58. Rh8 Kg7 59. Rh5 Rc1 60. Rg5+ Kf6 61. Re5 Rg1 62. Kf3 Rf1+ 0-1

[Event "Live Chess"]
[Site "Chess.com"]
[Date "2024.06.01"]
[Round "-"]
[White "peteopeteo"]
[Black "crais6"]
[Result "0-1"]
[WhiteElo "1574"]
[BlackElo "1639"]
[TimeControl "300"]
[EndTime "14:22:01 PDT"]
[Termination "crais6 won by resignation"]

1. e4 c5 2. a3 Nc6 3. b4 cxb4 4. axb4 e6 5. c3 d5 6. exd5 exd5 7. Bb5 Nf6 8. Nf3 Bd6 9. O-O O-O 10. d4 Bd7 11.
h3 Qc7 12. Nbd2 Rfe8 13. Re1 a6 14. Bd3 h6 15. Nb3 Ne4 16. Bxe4 dxe4 17. Nfd2 f5 18. Nc5 Rad8 19. Nc4 Bc8 20. Qh5 Qf7 21. Qxf7+ Kxf7 22. Nxd6+ Rxd6 23. Bf4 Rg6 24. Rad1 b6 25. Nb3 Bb7 26. d5 Ne5 27. Bxe5 Rxe5 28. c4 Rd6 29. Nd4 b5 30.
Nc6 Bxc6 31. dxc6 Rxc6 32. c5 a5 33. Rd7+ Kf6 34. Red1 axb4 35. R1d6+ Rxd6 36. Rxd6+ Ke7 37. Rg6 Rxc5 38. Rxg7+ Kf6 39. Rg3 Rc3 40. Kf1 Rxg3 41. fxg3 b3 42. Ke2 b2 0-1

[Event "Live Chess"]
[Site "Chess.com"]
[Date "2024.06.01"]
[Round "-"]
[White "cymbalshift"]
[Black "Ferrarifan27"]
[Result "0-1"]
[WhiteElo "1469"]
[BlackElo "2074"]
[TimeControl "300"]
[EndTime "14:22:03 PDT"]
[Termination "Ferrarifan27 won by resignation"]

1. d4 Nf6 2. Nc3 d5 3. e4 dxe4 4. f3 exf3 5. Nxf3 Bg4 6. h3 Bh5 7. g4 Bg6 8. Ne5 e6 9. Qf3 Bb4 10. Be3 Be4 11. Qf2 Bxh1 0-1

[Event "Live Chess"]
[Site "Chess.com"]
[Date "2024.06.01"]
[Round "-"]
[White "RichardABates"]
[Black "Rusty_Bridges"]
[Result "1-0"]
[WhiteElo "2205"]
[BlackElo "1471"]
[TimeControl "300"]
[EndTime "14:22:21 PDT"]
[Termination "RichardABates won by resignation"]

1. d4 d5 2. c4 e6 3. Nf3 Bd6 4. g3 Nf6 5. Bg2 dxc4 6. O-O c6 7.
Nc3 b5 8. e4 Bb7 9. e5 Bxe5 10.
dxe5 Qxd1 11. Rxd1 Nd5 12. Ne4 Nd7 13. Nd6+ 1-0

[Event "Live Chess"]
[Site "Chess.com"]
[Date "2024.06.01"]
[Round "-"]
[White "upoe610"]
[Black "NeilDruggan73"]
[Result "1-0"]
[WhiteElo "2249"]
[BlackElo "1749"]
[TimeControl "300"]
[EndTime "14:22:22 PDT"]
[Termination "upoe610 won by checkmate"]

1. c4 Nf6 2. g3 g6 3. Bg2 Bg7 4. Nc3 d6 5. d4 O-O 6. h3 c6 7. Nf3 Nbd7 8. e4 Rb8 9. O-O e5 10.
Re1 Nh5 11. Bg5 f6 12. Be3 Nb6 13. b3 a5 14. Rc1 exd4 15. Bxd4 Be6 16. Be3 c5 17. g4 Qd7 18. gxh5 Bxh3 19. Nh2 Bxg2 20. Kxg2 gxh5 21. Qxh5 Kh8 22. Qf5 Qf7 23. Ng4 Rg8 24. Rh1 Rbe8 25. Qxh7# 1-0

[Event "Live Chess"]
[Site "Chess.com"]
[Date "2024.06.01"]
[Round "-"]
[White "ACM42"]
[Black "MellowAesthetic"]
[Result "1-0"]
[WhiteElo "2177"]
[BlackElo "2071"]
[TimeControl "300"]
[EndTime "14:22:33 PDT"]
[Termination "ACM42 won on time"]

1. e4 c5 2. Nf3 d6 3. d4 cxd4 4. Nxd4 Nf6 5. Nc3 g6 6. f4 Nc6 7. Be3 Bg7 8. Nxc6 bxc6 9. Be2 O-O 10. O-O Qa5 11. h3 Rb8 12. Rb1 Be6 13. a3 Rxb2 14.
Rxb2 Nxe4 15. Rb7 Qxc3 16. Bxa7 c5 17. Bf3 Nd2 18. Rxe7 Nxf1 19. Qxf1 Qd4+ 20. Kh1 Qxf4 21. Bb6 Be5 22. Qg1 Bxh3 23. Rxe5 dxe5 24. Bxc5 Rc8 25.
Be3 Qf5 26. Qd1 Rxc2 27. gxh3 Qxh3+ 28. Kg1 Qg3+ 29. Kf1 1-0

[Event "Live Chess"]
[Site "Chess.com"]
[Date "2024.06.01"]
[Round "-"]
[White "KeithArkell"]
[Black "Dhaydon19"]
[Result "1/2-1/2"]
[WhiteElo "2436"]
[BlackElo "2674"]
[TimeControl "300"]
[EndTime "14:22:46 PDT"]
[Termination "Game drawn by repetition"]

1. d4 e6 2. Nf3 d5 3. c4 Nf6 4. cxd5 exd5 5. Nc3 c6 6. Qc2 Be7 7. Bg5 O-O 8. e3 Re8 9. Bd3 Nbd7 10. O-O Nf8 11. Bxf6 Bxf6 12. b4 a6 13. a4 Bg4 14.
Nd2 Qd6 15. b5 axb5 16. axb5 Rxa1 17. Rxa1 c5 18. dxc5 Qxc5 19. Nce4 Qe7 20. Nxf6+ Qxf6 21. Nb3 Rc8 22. Qd2 Ne6 23. Rc1 Rxc1+ 24. Qxc1 Qd8 25.
h3 Bh5 26. Qc3 Bg6 27. Bxg6 hxg6 28. Nd4 Qc7 29. Qd2 Nxd4 30. Qxd4 Qc1+ 31. Kh2 Qc7+ 32. g3 Qc4 33. Qb6 Qc8 34. Qd6 Qf5 35. Qd8+ Kh7 36. Qh4+ Kg8 37. Qd8+ Kh7 38. Qh4+ Kg8 39. Qd8+ 1/2-1/2

[Event "Live Chess"]
[Site "Chess.com"]
[Date "2024.06.01"]
[Round "-"]
[White "booktrunk"]
[Black "dl_chess"]
[Result "1-0"]
[WhiteElo "1410"]
[BlackElo "1181"]
[TimeControl "300"]
[EndTime "14:22:52 PDT"]
[Termination "booktrunk won on time"]

1. d4 Nf6 2. c4 g6 3. Nf3 Bg7 4. g3 O-O 5. Bg2 d6 6. O-O e5 7.
dxe5 dxe5 8. Qxd8 Rxd8 9. Nxe5 Re8 10. f4 Nbd7 11. Nxd7 Bxd7 12. Re1 c6 13. Nc3 Be6 14. b3 Rad8 15. Bb2 Ng4 16. Rad1 Ne3 17. Rxd8 Rxd8 18.
Bf3 Bh3 19. Na4 Bxb2 20. Nxb2 Rd2 21. Rb1 Bg4 22. Kf2 Bxf3 23. Kxe3 Be4 24. Nd3 Bxd3 25. Kxd2 Bxb1 26. a3 Bf5 27. e3 h5 28. Kc3 Kf8 29.
Kd4 Ke7 30. Ke5 Be6 31. e4 f6+ 32. Kd4 b6 33. b4 Kd6 34. e5+ fxe5+ 35. fxe5+ Ke7 36.
a4 Bf5 37. a5 bxa5 38. bxa5 Ke6 39. Kc5 Kd7 40. Kd4 Be6 41. c5 Bd5 42. Ke3 Ke6 43. Kf4 a6 44. h3 Bc4 45. g4 Bd5 46. gxh5 gxh5 47. h4 1-0

[Event "Live Chess"]
[Site "Chess.com"]
[Date "2024.06.01"]
[Round "-"]
[White "WorcesterYork"]
[Black "koekoekoe"]
[Result "1-0"]
[WhiteElo "2495"]
[BlackElo "2009"]
[TimeControl "300"]
[EndTime "14:22:55 PDT"]
[Termination "WorcesterYork won by resignation"]

1. d4 d5 2. c4 Nf6 3. cxd5 Nxd5 4. Nf3 Bf5 5. Qb3 Nb6 6. Nc3 e6 7. e4 Bg6 8. Be3 Be7 9. Rd1 O-O 10. Be2 c6 11. h4 h6 12. Ne5 Bh7 13. g3 N8d7 14.
f4 Nxe5 15. dxe5 Qc7 16. g4 Rad8 17. g5 Rxd1+ 18. Qxd1 Rd8 19. Qc2 Kh8 20. Kf2 Bb4 21. Kf3 h5 22. Rd1 Kg8 23. a3 Bxc3 24. Qxc3 Kf8 25.
Rxd8+ Qxd8 26. Qd4 Ke8 27. Qxd8+ Kxd8 28. b3 Nd7 29. b4 b6 30. Bd2 c5 31. Ke3 Kc7 32. Bxh5 f6 33. exf6 gxf6 34. g6 Bg8 35. Bc3 Kd6 36. Be2 cxb4 37. axb4 e5 38. f5 Nb8 39. h5 Nc6 40. h6 Nd4 41. Bxd4 exd4+ 42. Kxd4 Ke7 43. h7 1-0

[Event "Live Chess"]
[Site "Chess.com"]
[Date "2024.06.01"]
[Round "-"]
[White "Cruiseylee78"]
[Black "MagnersCarlsberg2870"]
[Result "1-0"]
[WhiteElo "1707"]
[BlackElo "1769"]
[TimeControl "300"]
[EndTime "14:23:12 PDT"]
[Termination "Cruiseylee78 won by resignation"]

1. d4 Nf6 2. Bf4 b6 3. e3 Bb7 4. Nf3 g6 5. Ne5 d6 6. Nf3 Bg7 7. Nbd2 Nbd7 8. Bd3 O-O 9. c3 Re8 10. Bc4 a6 11. Qb3 e6 12. O-O-O b5 13. Bd3 e5 14. Bg3 e4 15. Ng5 Bd5 16. c4 bxc4 17. Bxc4 Bxc4 18. Nxc4 d5 19. Na5 Rb8 20. Nc6 Qc8 21. Nxb8 Nxb8 22.
Kb1 h6 23. Nh3 Qe6 24. Rc1 Nbd7 25. Rxc7 Rb8 26. Nf4 Qd6 27. Nxd5 Rxb3 28. Bxd6 Nxd5 29. Rc8+ Kh7 30. axb3 N7b6 31. Rc6 1-0

[Event "Live Chess"]
[Site "Chess.com"]
[Date "2024.06.01"]
[Round "-"]
[White "Mangoalo"]
[Black "nigelst"]
[Result "0-1"]
[WhiteElo "1067"]
[BlackElo "1664"]
[TimeControl "300"]
[EndTime "14:23:25 PDT"]
[Termination "nigelst won by resignation"]

1. e4 c6 2. d4 d5 3. exd5 cxd5 4. Nc3 Nf6 5. Bg5 e6 6. Nf3 Be7 7. Bb5+ Bd7 8. Bxd7+ Nbxd7 9. O-O O-O 10. Ne5 Nxe5 11.
dxe5 Nd7 12. Bxe7 Qxe7 13. Qf3 Nxe5 14. Qf4 Ng6 15. Qg3 Rac8 16. Rae1 d4 17. Ne4 Rxc2 18. Ng5 Rxb2 19. Nxh7 Kxh7 20. Re4 Kg8 21. h4 f5 22. Ree1 Nxh4 23. f4 Rc2 24. Rf2 Rc3 25. Qg5 Qxg5 26.
fxg5 Rc6 0-1

[Event "Live Chess"]
[Site "Chess.com"]
[Date "2024.06.01"]
[Round "-"]
[White "blunderabit"]
[Black "JohanKjeldahl"]
[Result "1-0"]
[WhiteElo "1786"]
[BlackElo "1878"]
[TimeControl "300"]
[EndTime "14:23:44 PDT"]
[Termination "blunderabit won by resignation"]

1. e4 c5 2. Nf3 e6 3. b3 Nc6 4. Bb2 a6 5. c4 Nge7 6. d4 cxd4 7. Nxd4 Qc7 8. Be2 e5 9. Nc2 d6 10. O-O Be6 11. Nc3 g6 12. Rc1 Qd7 13. Ba3 Nc8 14. Nd5 Bxd5 15. Qxd5 Nb6 16. Qd3 Rd8 17.
Rcd1 Be7 18. Qe3 Nc8 19. h3 O-O 20. f4 f5 21. exf5 Qxf5 22. Bd3 Qh5 23. g4 exf4 24. Qe6+ 1-0

[Event "Live Chess"]
[Site "Chess.com"]
[Date "2024.06.01"]
[Round "-"]
[White "Zhevzh1k7"]
[Black "lyricalschemes"]
[Result "0-1"]
[WhiteElo "1105"]
[BlackElo "2398"]
[TimeControl "300"]
[EndTime "14:23:57 PDT"]
[Termination "lyricalschemes won by resignation"]

1. e4 Nf6 2. e5 Nd5 3. c4 Nb6 4. d4 d6 5. exd6 cxd6 6. Nf3 g6 7. Nc3 Bg7 8. Bf4 Nc6 9. c5 dxc5 10. dxc5 Nd7 11. Nd5 e5 12. Bg5 f6 13. Be3 O-O 14. Qb3 Kh8 15. Bc4 Qa5+ 16. Nc3 Nxc5 17. Bxc5 Qxc5 18. O-O Na5 19. Qa4 Nxc4 20. Ne4 Qc6 21. b3 Qxa4 22. bxa4 Bf5 23. Ng3 Be6 24. Rac1 Rac8 25.
Ne4 Bf5 26. Ng3 Bg4 27. Ne1 Bh6 28. Rc2 Nd2 29. Rxc8 Rxc8 30. Nf3 Nxf1 31. Nxf1 Rc1 32. h3 Bxf3 33. gxf3 f5 34. Kg2 e4 35. fxe4 fxe4 36. Ne3 Bxe3 37. fxe3 Rc2+ 38. Kg3 Rxa2 0-1

[Event "Live Chess"]
[Site "Chess.com"]
[Date "2024.06.01"]
[Round "-"]
[White "Tushinskiy"]
[Black "Keithdfg"]
[Result "1-0"]
[WhiteElo "2280"]
[BlackElo "1752"]
[TimeControl "300"]
[EndTime "14:24:03 PDT"]
[Termination "Tushinskiy won by resignation"]

1. d4 d6 2. c3 Nd7 3. Nf3 e5 4. e4 Ngf6 5. Bd3 c6 6. O-O Be7 7. Qe2 O-O 8. Rd1 Qc7 9. Nbd2 Re8 10. Nf1 Bf8 11. Ng3 g6 12. dxe5 dxe5 13. h4 Nc5 14. h5 Bg4 15. hxg6 hxg6 16. Bg5 Bg7 17. Qe3 Ne6 18. Bh4 Nh7 19. Bc4 Nf4 20. Ne2 Bh6 21. Nxf4 Bxf4 22. Qe2 g5 23. Bg3 Kg7 24. Rd3 Rad8 25.
Rad1 Rxd3 26. Rxd3 Rd8 27. Qd1 Rxd3 28. Qxd3 Bxg3 29.
fxg3 Kf6 30. Nh2 Bh5 31. Qe3 Qb6 32. Qxb6 axb6 33. Kf2 Nf8 34. Nf1 Ke7 35. Ne3 f6 36. Nf5+ Kd7 37. Ke3 Bg6 38. g4 Bxf5 39. gxf5 b5 40.
Bb3 Kd6 41. Kf3 Nd7 42. Kg4 Nc5 43. Bc2 b6 44. Kh5 Nb7 45. Kg6 Ke7 46. b4 Nd6 47.
Bd3 c5 48. a3 c4 49. Bc2 Nc8 50. a4 bxa4 51. Bxa4 Nd6 52. Bc6 Ne8 53. Bxe8 1-0

[Event "Live Chess"]
[Site "Chess.com"]
[Date "2024.06.01"]
[Round "-"]
[White "vincents82"]
[Black "CheckThis4"]
[Result "0-1"]
[WhiteElo "2089"]
[BlackElo "2676"]
[TimeControl "300"]
[EndTime "14:24:06 PDT"]
[Termination "CheckThis4 won by resignation"]

1. e4 d5 2. exd5 c6 3. d4 cxd5 4. Nf3 Nf6 5. Bd3 Nc6 6. c3 Bg4 7.
Bf4 e6 8. Nbd2 Bd6 9. Bxd6 Qxd6 10. h3 Bh5 11. O-O O-O 12. Qc2 Rac8 13. Rae1 Nb4 14. Qb1 Nxd3 15. Qxd3 Bg6 16. Qe3 h6 17. Ne5 Bh7 18. Ng4 Ne4 19. Nxe4 Bxe4 20. f3 Bf5 21. Ne5 Qa6 22. a3 Rc7 23. Qe2 Qxe2 24. Rxe2 f6 25. g4 Bh7 0-1

[Event "Live Chess"]
[Site "Chess.com"]
[Date "2024.06.01"]
[Round "-"]
[White "Delacorta"]
[Black "hapehansen"]
[Result "0-1"]
[WhiteElo "1586"]
[BlackElo "2243"]
[TimeControl "300"]
[EndTime "14:24:13 PDT"]
[Termination "hapehansen won by checkmate"]

1. d4 Nf6 2. Nf3 e6 3. e3 b6 4. Bd3 Bb7 5. Nbd2 c5 6. b3 Be7 7. Bb2 cxd4 8. exd4 O-O 9. O-O d6 10. Re1 Nbd7 11. c4 d5 12. Ne5 Bb4 13. a3 Bxd2 14.
Qxd2 Nxe5 15. dxe5 Ne4 16. Qc2 Qh4 17. Bxe4 dxe4 18.
Re3 Rfd8 19. Rh3 Qf4 20. Bc1 Qxe5 21. Bb2 Qf4 22. Rd1 e3 23. f3 Qf5 24. Qxf5 Rxd1# 0-1

[Event "Live Chess"]
[Site "Chess.com"]
[Date "2024.06.01"]
[Round "-"]
[White "McFim"]
[Black "Queensandpawns"]
[Result "0-1"]
[WhiteElo "1612"]
[BlackElo "2375"]
[TimeControl "300"]
[EndTime "14:24:13 PDT"]
[Termination "Queensandpawns won by resignation"]

1. e4 e5 2. Nf3 Nf6 3. Nxe5 Nc6 4. Nxc6 dxc6 5. Nc3 Bc5 6. h3 h5 7. d3 Be6 8. Be3 Qd6 9. Qe2 O-O-O 10. Bxc5 Qxc5 11. O-O-O Qa5 12. Qe1 b5 13. a3 b4 14. axb4 Qa1+ 15. Nb1 Ba2 16. Kd2 Qxb2 17. Rc1 Rhe8 18. f3 Nd5 19.
Qd1 Qxb4+ 20. Ke2 Bxb1 0-1